EL
JACKSON GENERALS @ BOWIE BAYSOX
08/31/2046
 
TOP OF THE 1ST
Jackson Generals batting - Pitching for Bowie Baysox : LHP Joel Beery
Pitching: LHP Joel Beery
Batting: SHB Jose Castillo 0-0: Foul Ball, location: 2F
0-1: Called Strike
0-2: Ball
1-2: Foul Ball, location: 2F
1-2: Fly out, F8 (Flyball, 8RXD, EV 96.9 MPH)
Batting: RHB Robby Cuellar 0-0: Ball
1-0: Ball
2-0: Ball
3-0: Ground out 6-3 (Groundball, 6, EV 77.5 MPH)
Batting: LHB Tom Reynolds 0-0: Called Strike
0-1: SOLO HOME RUN (Flyball, 9D, EV 97.5 MPH), Distance : 365 ft
Batting: RHB Josh Ruhl 0-0: Ground out 6-3 (Groundball, 56, EV 103.1 MPH)
Top of the 1st over - 1 run, 1 hit, 0 errors, 0 left on base; Jackson 1 - Bowie 0
BOTTOM OF THE 1ST
Bowie Baysox batting - Pitching for Jackson Generals : RHP Jose Albarran
Pitching: RHP Jose Albarran
Batting: RHB Ryan Taylor 0-0: Ball
1-0: Ground out U3 (Groundball, 3L, EV 84.4 MPH)
Batting: LHB Andrew Erens 0-0: Ball
1-0: Called Strike
1-1: Ball
2-1: Ball
3-1: Base on Balls
Batting: RHB Jordan Wallace 0-0: Called Strike
0-1: Ball
1-1: Swinging Strike
1-2: Strikes out swinging
Batting: LHB Raul Rojas 0-0: Swinging Strike
0-1: Ball
Andrew Erens steals 2nd base
1-1: Foul Ball, location: 2F
1-2: Ball
2-2: Strikes out swinging
Bottom of the 1st over - 0 runs, 0 hits, 0 errors, 1 left on base; Jackson 1 - Bowie 0
TOP OF THE 2ND
Jackson Generals batting - Pitching for Bowie Baysox : LHP Joel Beery
Batting: RHB Sean Peake 0-0: SINGLE (Groundball, 4MD, EV 104.4 MPH)
Batting: LHB Jawad Fahad 0-0: Ball
1-0: Foul Ball, location: 2F
1-1: SINGLE (Groundball, 5D, EV 109.4 MPH)
Sean Peake to second
Runner from 2nd tries for 3rd, SAFE, throw by LF made to third
Batting: RHB Joe Stading 0-0: Ball
1-0: Ball
2-0: Grounds into double play, 4-6-3 (Groundball, 4, EV 90.6 MPH)
Sean Peake scores
Batting: LHB Adam Lancaster 0-0: Called Strike
0-1: Ball
1-1: Swinging Strike
1-2: Ball
2-2: Strikes out swinging
Top of the 2nd over - 1 run, 2 hits, 0 errors, 0 left on base; Jackson 2 - Bowie 0
BOTTOM OF THE 2ND
Bowie Baysox batting - Pitching for Jackson Generals : RHP Jose Albarran
Batting: RHB Edwin Ramos 0-0: Ball
1-0: Fly out, F9 (Flyball, 9D, EV 100.6 MPH)
Batting: RHB Travis Carter 0-0: Ball
1-0: Reached on error, E3 (Groundball, 34, EV 109.4 MPH)
Batting: LHB Matt Patnaude 0-0: Ball
1-0: Ground out 6-3 (Groundball, 4S, EV 83.8 MPH)
Travis Carter to second
Batting: SHB Hugo Moreno 0-0: Ball
1-0: Called Strike
1-1: Foul Ball, location: 2F
1-2: Strikes out looking
Bottom of the 2nd over - 0 runs, 0 hits, 1 error, 1 left on base; Jackson 2 - Bowie 0
TOP OF THE 3RD
Jackson Generals batting - Pitching for Bowie Baysox : LHP Joel Beery
Batting: RHB Clay Statum 0-0: Fly out, F7 (Line Drive, 78M, EV 90.0 MPH)
Batting: SHB Jose Castillo 0-0: Ball
1-0: Foul Ball, location: 2F
1-1: Ground out 6-3 (Groundball, 56, EV 85.0 MPH)
Batting: RHB Robby Cuellar 0-0: Swinging Strike
0-1: Fly out, F9 (Line Drive, 89S, EV 100.6 MPH)
Top of the 3rd over - 0 runs, 0 hits, 0 errors, 0 left on base; Jackson 2 - Bowie 0
BOTTOM OF THE 3RD
Bowie Baysox batting - Pitching for Jackson Generals : RHP Jose Albarran
Batting: LHB Jose Fierro 0-0: Ball
1-0: Foul Ball, location: 2F
1-1: SOLO HOME RUN (Flyball, 7LD, EV 95.0 MPH), Distance : 348 ft
Batting: RHB Ryan Taylor 0-0: Foul Ball, location: 2F
0-1: Ball
1-1: Swinging Strike
1-2: Strikes out swinging
Batting: LHB Andrew Erens 0-0: Ball
1-0: Foul Ball, location: 2F
1-1: Ball
2-1: Ball
3-1: Fly out, F9 (Flyball, 9LS, EV 71.2 MPH)
Batting: RHB Jordan Wallace 0-0: Ball
1-0: Foul Ball, location: 2F
1-1: Ground out 5-3 (Groundball, 56S, EV 75.0 MPH)
Bottom of the 3rd over - 1 run, 1 hit, 0 errors, 0 left on base; Jackson 2 - Bowie 1
TOP OF THE 4TH
Jackson Generals batting - Pitching for Bowie Baysox : LHP Joel Beery
Batting: LHB Tom Reynolds 0-0: Ball
1-0: Ground out 4-3 (Groundball, 4, EV 86.9 MPH)
Batting: RHB Josh Ruhl 0-0: Ball
1-0: Called Strike
1-1: Ball
2-1: Ball
3-1: Foul Ball, location: 2F
3-2: SOLO HOME RUN (Flyball, 7LD, EV 95.6 MPH), Distance : 355 ft
Batting: RHB Sean Peake 0-0: Swinging Strike
0-1: Called Strike
0-2: Strikes out swinging
Batting: LHB Jawad Fahad 0-0: Fly out, F8 (Flyball, 78M, EV 83.8 MPH)
Top of the 4th over - 1 run, 1 hit, 0 errors, 0 left on base; Jackson 3 - Bowie 1
BOTTOM OF THE 4TH
Bowie Baysox batting - Pitching for Jackson Generals : RHP Jose Albarran
Batting: LHB Raul Rojas 0-0: Ball
1-0: Foul Ball, location: 2F
1-1: Ball
2-1: Hit by Pitch
Batting: RHB Edwin Ramos 0-0: Grounds into double play, 6-4-3 (Groundball, 6, EV 85.6 MPH)
Batting: RHB Travis Carter 0-0: Foul Ball, location: 2F
0-1: Ground out 6-3 (Groundball, 6, EV 93.1 MPH)
Bottom of the 4th over - 0 runs, 0 hits, 0 errors, 0 left on base; Jackson 3 - Bowie 1
TOP OF THE 5TH
Jackson Generals batting - Pitching for Bowie Baysox : LHP Joel Beery
Batting: RHB Joe Stading 0-0: Called Strike
0-1: Called Strike
0-2: Strikes out swinging
Batting: LHB Adam Lancaster 0-0: SINGLE (Groundball, 4D, EV 96.2 MPH)
Batting: RHB Clay Statum 0-0: Grounds into double play, 4-6-3 (Groundball, 4, EV 103.1 MPH)
Top of the 5th over - 0 runs, 1 hit, 0 errors, 0 left on base; Jackson 3 - Bowie 1
BOTTOM OF THE 5TH
Bowie Baysox batting - Pitching for Jackson Generals : RHP Jose Albarran
Batting: LHB Matt Patnaude 0-0: Ball
1-0: Ground out U3 (Groundball, 34, EV 77.5 MPH)
Batting: SHB Hugo Moreno 0-0: Ball
1-0: SINGLE (Groundball, 34D, EV 105.6 MPH)
Batting: LHB Jose Fierro 0-0: Ball
1-0: Ball
2-0: Foul Ball, location: 2F
2-1: Ball
3-1: Base on Balls
Hugo Moreno to second
Batting: RHB Ryan Taylor 0-0: Swinging Strike
0-1: Ball
1-1: Ball
2-1: Called Strike
2-2: Strikes out looking
Batting: LHB Andrew Erens 0-0: Swinging Strike
0-1: Hit by Pitch
Hugo Moreno to third
Jose Fierro to second
Pinch Hitting: LHB Wes Goscinski 0-0: Swinging Strike
0-1: Ball
1-1: Called Strike
1-2: Ball
2-2: Ball
3-2: Foul Ball, location: 2F
3-2: Fly out, F8 (Flyball, 8LXD, EV 93.8 MPH)
Bottom of the 5th over - 0 runs, 1 hit, 0 errors, 3 left on base; Jackson 3 - Bowie 1
TOP OF THE 6TH
Jackson Generals batting - Pitching for Bowie Baysox : LHP Joel Beery
Now at 3B: Tony Logan
Batting: SHB Jose Castillo 0-0: Foul Ball, location: 2F
0-1: Ball
1-1: Ball
2-1: Ground out 6-3 (Groundball, 6, EV 78.8 MPH)
Batting: RHB Robby Cuellar 0-0: Ground out 6-3 (Groundball, 6, EV 91.2 MPH)
Batting: LHB Tom Reynolds 0-0: Called Strike
0-1: Ball
1-1: Swinging Strike
1-2: Strikes out swinging
Top of the 6th over - 0 runs, 0 hits, 0 errors, 0 left on base; Jackson 3 - Bowie 1
BOTTOM OF THE 6TH
Bowie Baysox batting - Pitching for Jackson Generals : RHP Jose Albarran
Batting: LHB Raul Rojas 0-0: Called Strike
0-1: Ground out 4-3 (Groundball, 4, EV 86.2 MPH)
Batting: RHB Edwin Ramos 0-0: Foul Ball, location: 2F
0-1: Foul Ball, location: 2F
0-2: Ball
1-2: Fly out, F9 (Flyball, 9LM, EV 94.4 MPH)
Batting: RHB Travis Carter 0-0: SINGLE (Groundball, 34D, EV 95.6 MPH)
Batting: LHB Matt Patnaude 0-0: Hit by Pitch
Travis Carter to second
Batting: SHB Hugo Moreno 0-0: Called Strike
0-1: Foul Ball, location: 2F
0-2: SINGLE (Groundball, 3D, EV 99.4 MPH)
Travis Carter to third
Matt Patnaude to second
Runner from 3rd tries for Home, SAFE, throw by RF to home
Batting: LHB Jose Fierro 0-0: Foul Ball, location: 2F
0-1: Foul Ball, location: 2F
0-2: Strikes out swinging
Bottom of the 6th over - 1 run, 2 hits, 0 errors, 2 left on base; Jackson 3 - Bowie 2
TOP OF THE 7TH
Jackson Generals batting - Pitching for Bowie Baysox : LHP Joel Beery
Batting: RHB Josh Ruhl 0-0: Called Strike
0-1: Ball
1-1: Foul Ball, location: 2F
1-2: Ball
2-2: SINGLE (Flyball, 5D, EV 97.5 MPH)
Batting: RHB Sean Peake 0-0: Swinging Strike
0-1: Ball
1-1: SINGLE (Groundball, 6MD, EV 106.9 MPH)
Josh Ruhl to second
Runner from 2nd tries for 3rd, SAFE, throw by CF made at trailing runner, OUT! 8-4
Batting: LHB Jawad Fahad 0-0: Ball
1-0: Foul Ball, location: 2F
1-1: Swinging Strike
1-2: SINGLE (Groundball, 6, EV 90.6 MPH) (infield hit)
Josh Ruhl scores
Batting: RHB Joe Stading 0-0: Called Strike
0-1: Swinging Strike
0-2: Foul Ball, location: 2F
0-2: Ball
1-2: SINGLE (Groundball, 34D, EV 106.2 MPH)
Jawad Fahad to second
Runner from 2nd tries for 3rd, SAFE, throw by RF made to third
Batting: LHB Adam Lancaster 0-0: Ball
1-0: Fly out, F2 (Popup, 5SF, EV 83.1 MPH)
Batting: RHB Clay Statum 0-0: Called Strike
0-1: Swinging Strike
0-2: Fielders Choice at 2nd, 6-4 (Groundball, 6, EV 84.4 MPH)
Top of the 7th over - 1 run, 4 hits, 0 errors, 2 left on base; Jackson 4 - Bowie 2
BOTTOM OF THE 7TH
Bowie Baysox batting - Pitching for Jackson Generals : RHP Jose Albarran
Pinch Hitting: LHB Pat Shaddock 0-0: Swinging Strike
0-1: Called Strike
0-2: Ball
1-2: Strikes out swinging
Pitching: RHP Kenzaburo Yoneyama
Batting: LHB Andrew Erens 0-0: Ball
1-0: Swinging Strike
1-1: Foul Ball, location: 2F
1-2: Ball
2-2: Foul Ball, location: 2F
2-2: Fly out, F5 (Line Drive, 6, EV 72.5 MPH)
Batting: RHB Tony Logan 0-0: DOUBLE (Line Drive, 78D, EV 105.6 MPH)
Batting: LHB Raul Rojas 0-0: Ball
1-0: Foul Ball, location: 2F
1-1: Called Strike
1-2: Foul Ball, location: 2F
1-2: Foul Ball, location: 2F
1-2: Strikes out swinging
Bottom of the 7th over - 0 runs, 1 hit, 0 errors, 1 left on base; Jackson 4 - Bowie 2
TOP OF THE 8TH
Jackson Generals batting - Pitching for Bowie Baysox : LHP Joel Beery
Now in LF: Ben Antal
Now in CF: Andrew Erens
Now in RF: Matt Patnaude
Batting: SHB Jose Castillo 0-0: Foul Ball, location: 2F
0-1: Swinging Strike
0-2: SINGLE (Groundball, 4MS, EV 70.6 MPH) (infield hit)
Batting: RHB Robby Cuellar 0-0: Called Strike
0-1: Ball
1-1: Called Strike
1-2: Ball
2-2: Fly out, F3 (Line Drive, 3L, EV 75.0 MPH)
Lined into DP, U3 (Line Drive, 3L, EV 71.9 MPH)
Batting: LHB Tom Reynolds 0-0: Ball
1-0: Foul Ball, location: 2F
1-1: Foul Ball, location: 2F
1-2: SINGLE (Flyball, 56D, EV 91.2 MPH)
Batting: RHB Josh Ruhl 0-0: Called Strike
0-1: Ball
1-1: Ball
2-1: Foul Ball, location: 2F
2-2: Ball
3-2: Strikes out swinging
Top of the 8th over - 0 runs, 2 hits, 0 errors, 1 left on base; Jackson 4 - Bowie 2
BOTTOM OF THE 8TH
Bowie Baysox batting - Pitching for Jackson Generals : RHP Kenzaburo Yoneyama
Pitching: RHP Kurt Loscalzo
Batting: RHB Edwin Ramos 0-0: Ball
1-0: Ball
2-0: SINGLE (Line Drive, 89M, EV 96.2 MPH)
Pinch Hitting: LHB Ben Goldstein 0-0: SINGLE (Line Drive, 56, EV 99.4 MPH)
Edwin Ramos to second
Pinch Runner at 2nd Justin Usner:
Batting: LHB Matt Patnaude 0-0: Foul Ball, location: 2F
0-1: Fielders Choice at 2nd, 4-6 (Groundball, 4, EV 109.4 MPH)
Justin Usner to third
Pinch Hitting: RHB Danny Merrill 0-0: Ball
1-0: Called Strike
1-1: Ball
2-1: Foul Ball, location: 2F
2-2: Foul Ball, location: 2F
2-2: Ball
Wild Pitch!
Justin Usner scores
Matt Patnaude to second
3-2: DOUBLE (Flyball, 78D, EV 108.8 MPH)
Matt Patnaude scores
Batting: LHB Jose Fierro 0-0: Foul Ball, location: 2F
0-1: Called Strike
0-2: Foul Ball, location: 2F
0-2: Strikes out swinging
Batting: LHB Ben Antal 0-0: Ball
1-0: Called Strike
1-1: SINGLE (Line Drive, 34, EV 98.1 MPH)
Danny Merrill to third
Throwing error, E9
Danny Merrill scores
Ben Antal to second
Batting: LHB Andrew Erens 0-0: Intentional Walk
Pinch Runner at 2nd Willie Manrique:
Batting: RHB Tony Logan 0-0: Ball
1-0: SINGLE (Line Drive, 8LS, EV 96.9 MPH)
Willie Manrique to third
Andrew Erens to second
Runner from 3rd tries for Home, throw by CF and OUT! 8-2
Bottom of the 8th over - 3 runs, 5 hits, 1 error, 2 left on base; Jackson 4 - Bowie 5
TOP OF THE 9TH
Jackson Generals batting - Pitching for Bowie Baysox : LHP Joel Beery
Pitching: RHP Craig Potter
Now at C: Angel Lescano
Now at 2B: Andy Chess
Now at SS: Danny Merrill
Now in LF: Jose Fierro
Batting: RHB Sean Peake 0-0: Called Strike
0-1: Called Strike
0-2: Ball
1-2: Ball
2-2: Strikes out swinging
Batting: LHB Jawad Fahad 0-0: Fly out, F9 (Flyball, 89M, EV 95.6 MPH)
Batting: RHB Joe Stading 0-0: Ball
1-0: Called Strike
1-1: Ball
2-1: Called Strike
2-2: Foul Ball, location: 2F
2-2: Foul Ball, location: 2F
2-2: Ball
3-2: Ground out 6-3 (Groundball, 56, EV 79.4 MPH)
Top of the 9th over - 0 runs, 0 hits, 0 errors, 0 left on base; Jackson 4 - Bowie 5
Tuesday, September 13th , 2022 - OOTP Baseball 23.7 Build 88